 Dungeon Crawl Stone Soup version 0.30.0-19-g36f170ea60 (webtiles) character file.

Game seed: 10910956082825890952

22 evanesce the Cudgeller (level 3, -2/33 HPs)
             Began as a Meteoran Cinder Acolyte on May 29, 2023.
             Was a High Priest of Ignis.
             Slain by a gnoll
             ... wielding a +0 club
              (5 damage)
             ... on level 1 of the Dungeon.
             The game lasted 00:02:47 (356 turns).

evanesce the Cudgeller (Meteoran Cinder Acolyte)     Turns: 356, Time: 00:02:47

Health: -2/33      AC:  2    Str: 18    XL:     3   Next: 23%
Magic:  6/6        EV: 11    Int: 15    God:    Ignis [*****.]
Gold:   27         SH:  0    Dex:  9    Spells: 4/4 levels left

rFire   + . .        a - -1 mace (flame)
rCold   . . .        (no shield)
rNeg    . . .        b - +0 robe
rPois   .            (no helmet)
rElec   .            (no cloak)
rCorr   .            (no gloves)
SInv    .            (no boots)
Will    .....        (no amulet)
Stlth   +            (no ring)
HPRegen 0.25/turn    (no ring)
MPRegen 0.10/turn

%: no passive effects
@: about to teleport, glowing
A: sense surroundings 1, otherworldly, glowing, explore regen
a: Renounce Religion, Fiery Armour, Foxfire Swarm, Rising Flame


You were on level 1 of the Dungeon.
You worshipped Ignis.
Ignis was extremely pleased with you.
You visited 1 branch of the dungeon, and saw 1 of its levels.

You collected 27 gold pieces.

Inventory:

Hand Weapons
 a - a -1 mace of flaming (weapon)
 g - a +0 dagger of holy wrath
Armour
 b - a +0 robe (worn)
Potions
 c - a potion of mutation {unknown}
 e - a potion of cancellation {unknown}
 f - a potion of degeneration {unknown}


   Skills:
 + Level 3.7 Fighting
 - Level 4.0 Maces & Flails
 + Level 1.5 Armour
 + Level 1.4 Dodging
 - Level 1.3 Spellcasting
 - Level 3.6 Fire Magic


You had 4 spell levels left.
You didn't know any spells.
Your spell library contained the following spells:

 Spells                   Type           Power      Damage    Failure   Level
 Scorch                   Fire           22%        2d5       9%          2
 Portal Projectile        Hex/Tloc       2%         N/A       56%         3
 Tukima's Dance           Hex            1%         N/A       56%         3
 Blade Hands              Tmut           0%         N/A       100%        5


Dungeon Overview and Level Annotations

Branches:
Dungeon (1/15) Zot: 230

Altars:


Innate Abilities, Weirdness & Mutations

You passively map a small area around you.
You are easily found by Zot.
You glow in the dark.
You regain HP and MP as you explore.


Message History

A frilled lizard comes into view.
The endoplasm quivers.
The frilled lizard hisses angrily.
Found a gnarled smoking staff.
A nearby plant withers and dies.
The endoplasm barely misses you. The endoplasm attacks as you move away!
The endoplasm closely misses you.
You hit the endoplasm. You burn the endoplasm.
The endoplasm is heavily wounded.
The endoplasm closely misses you.
The endoplasm hits you but does no damage.
You hit the endoplasm. You burn the endoplasm.
You kill the endoplasm!
You barely miss the gnoll.
A nearby plant withers and dies.
The gnoll hits you with a +0 club.
You barely miss the gnoll. The gnoll hits you with a +0 club.
You barely miss the gnoll. The gnoll hits you with a +0 club!
You are too injured to fight recklessly!
The gnoll attacks as you move away! The gnoll hits you with a +0 club!
* * * LOW HITPOINT WARNING * * *
You aren't carrying any items that you can evoke.
Okay, then.
Unknown command.
Unknown command.
Unknown command.
Activating: Foxfire Swarm
Press: ? - help, Dir - look around, f - activate Flames leap up around you!
The gnoll hits you with a +0 club.
* * * LOW HITPOINT WARNING * * *
The foxfire hits the frilled lizard.
You kill the frilled lizard!
Your foxfire dissipates!
Your foxfire dissipates!
The gnoll attacks as you move away! The gnoll hits you with a +0 club.
* * * LOW HITPOINT WARNING * * *
The gnoll attacks as you move away! The gnoll closely misses you.
Found a whip.
Okay, then.
As you read the scroll labelled RINLUWI OMOO, it crumbles to dust.
You feel strangely unstable.
It was a scroll of teleportation.
The gnoll hits you with a +0 club.
You die... , .P.Pg #.# ,..PgP #.# , * PP.P

#.# ..|. #.#
, #.# #.#
.######g#####
.......g...)#
*
#######@###.#
, #.# * * #..
, * #### , ,,
,* * * , ,


You could see a gnoll and a hobgoblin.

Vanquished Creatures
  5 endoplasms (D:1)
  2 goblins (D:1)
  A hobgoblin (D:1)
  4 jackals (D:1)
  2 bats (D:1)
  A frilled lizard (D:1)
  4 rats (D:1)
19 creatures vanquished.

Notes
Turn   | Place    | Note
-------+----------+-------------------------------------------
     0 | D:1      | evanesce the Meteoran Cinder Acolyte began the quest for
                  | the Orb.
     0 | D:1      | Reached XP level 1. HP: 19/19 MP: 3/3
    79 | D:1      | Reached XP level 2. HP: 22/26 MP: 5/5
    84 | D:1      | Reached skill level 1 in Armour
    84 | D:1      | Reached skill level 1 in Dodging
   253 | D:1      | Reached XP level 3. HP: 28/33 MP: 6/6
   350 | D:1      | HP: 1/33 [gnoll/+0 club (5)]
   356 | D:1      | Slain by a gnoll

Illustrated notes

Levels and vault maps discovered:
D:1:      amcnicky_arrival_abandoned_market, layout_loops_ring,
          nicolae_grassy_gnolls

Skill      XL: |  1  2 |
---------------+-------+-----
Armour         | 1 |  1.5
Dodging        | 1 |  1.4
Fighting       | |  3.7
Maces & Flails | |  4.0
Spellcasting   | |  1.3
Fire Magic     | |  3.6

Action                     || total
---------------------------++-------
  Melee: Mace              ||    62
 Invoke: Foxfire Swarm     ||     1
    Use: Scroll            ||     1
 Armour: Robe              ||    39
  Dodge: Dodged            ||    40
